 Dungeon Crawl Stone Soup version 0.31.0-32-g396128a36d (webtiles) character file.

Game seed: 11762161720832529221

100 KittyFluff the Ruffian (level 4, -1/41 HPs)
             Began as a Troll Shapeshifter on Apr 11, 2024.
             Killed from afar by Natasha (7 damage)
             ... with a puff of flame
             ... on level 2 of the Dungeon.
             The game lasted 00:04:13 (935 turns).

KittyFluff the Ruffian (Troll Shapeshifter)          Turns: 935, Time: 00:04:14

Health: -1/41      AC:  4    Str: 24    XL:     4   Next: 47%
Magic:  3/3        EV: 10    Int:  6    God:
Gold:   65         SH:  0    Dex:  9    Spells: 3/3 levels left

rFire   . .          .
                       - Unarmed
rCold   . . .        (no shield)
rNeg    . . .        k - +0 robe
rPois   .            (helmet currently unavailable)
rElec   .            (cloak currently unavailable)
rCorr   .            (gloves unavailable)
SInv    .            (boots unavailable)
Will    .....        (no amulet)
Stlth   +            (no ring)
HPRegen 1.06/turn    (no ring)
MPRegen 0.08/turn

%: no passive effects
@: beast-form
A: beast (slay +1), large, unfitting armour, claws 3, regeneration 1, shaggy fur
1, tough skin 1
a: Begin Untransformation


You were on level 2 of the Dungeon.
You were a hulking beast.
You visited 1 branch of the dungeon, and saw 2 of its levels.

You collected 65 gold pieces.

Inventory:

Hand Weapons
 f - a +0 club
Missiles
 e - 17 stones (quivered)
 h - 4 large rocks
Armour
 k - a +0 robe (worn)
Talismans
 c - a beast talisman
 d - a flux talisman
Scrolls
 a - a scroll of enchant weapon {unknown}
 g - 8 scrolls of identify {unknown}
 i - a scroll of revelation {unknown}
 j - a scroll of brand weapon {unknown}
Potions
 b - a potion of lignification
 l - 2 potions of enlightenment {unknown}


   Skills:
 + Level 1.6 Fighting
 + Level 1.3 Throwing
 + Level 2.2 Dodging
 + Level 3.6 Unarmed Combat
 + Level 3.4 Shapeshifting


You had 3 spell levels left.
You didn't know any spells.
Your spell library contained the following spells:

 Spells                   Type           Power      Damage    Failure   Level
 Dazzling Flash           Conj/Hex       0%         N/A       83%         3
 Volatile Blastmotes      Fire/Tloc      0%         2d10      83%         3
 Starburst                Conj/Fire      0%         6d3       100%        6
 Maxwell's Capacitive Co  Air            0%         ∞         100%        8


Dungeon Overview and Level Annotations

Branches:
Dungeon (2/15)

Altars:

Annotations:
D:2 Natasha


Innate Abilities, Weirdness & Mutations

You are a hulking beast.
Your limbs bulge with bestial killing power. (Slay +1)
You are too large for most types of armour.
You have claws for hands.
Your natural rate of healing is unusually fast.
You are covered in fur. (AC +1)
You have tough skin. (AC +1)


Message History

The cerulean imp closely misses you. The cerulean imp barely misses you.
You barely miss the cerulean imp.
The cerulean imp is moderately wounded.
The cerulean imp hits you from afar with a +2 spear.
The cerulean imp hits you with a +2 spear.
You scratch the cerulean imp.
The cerulean imp is heavily wounded.
The cerulean imp hits you from afar with a +2 spear.
You closely miss the cerulean imp.
The cerulean imp is heavily wounded.
The cerulean imp closely misses you.
The cerulean imp hits you from afar with a +2 spear.
You claw the cerulean imp!
You kill the cerulean imp!
The cerulean imp disappears in a puff of smoke!
The cerulean imp hits you but does no damage.
Natasha zaps a wand.
The puff of flame hits you.
The cerulean imp hits you but does no damage.
Natasha mumbles some strange words.
You completely miss Natasha. Your claw misses Natasha.
The cerulean imp misses you. Natasha casts a spell at you.
The magic dart hits you.
You scratch Natasha but do no damage.
The cerulean imp hits you with a +2 spear.
The cerulean imp hits you from afar with a +1 spear.
Natasha wildly gestures.
Natasha's front paws start to glow.
Natasha claws you.
You closely miss Natasha. The cerulean imp closely misses you.
The cerulean imp hits you from afar with a +1 spear.
* * * LOW HITPOINT WARNING * * *
Natasha claws you.
* * * LOW HITPOINT WARNING * * *
You closely miss Natasha. The cerulean imp barely misses you.
The cerulean imp hits you from afar with a +1 spear.
* * * LOW HITPOINT WARNING * * *
Natasha zaps a wand.
The puff of flame hits you!
You die...
Natasha begins licking her fur clean.

#.............#
##.............#
#..............#
###..............#
#..>.............#
#.##.............#
#.###..##.##.#...#
#.##..###....#...#
#h#..## #..######.
#?5h5..# ....# .
.....#.#### ###.#
. .... .. .# # .<.
..# .# .. ... .
.... .....


You could see Natasha and 2 cerulean imps.

Vanquished Creatures
  Natasha (twice) (D:2)
  2 dart slugs (D:2)
  2 ball pythons (D:1)
  2 bats (D:1)
  9 endoplasms
  2 giant cockroaches (D:1)
  3 goblins
  4 hobgoblins
  7 jackals (D:1)
  3 kobolds (D:1)
  A quokka (D:1)
  2 frilled lizards (D:1)
  3 rats (D:1)
42 creatures vanquished.

Notes
Turn   | Place    | Note
-------+----------+-------------------------------------------
     0 | D:1      | KittyFluff the Troll Shapeshifter began the quest for the
                  | Orb.
     0 | D:1      | Reached XP level 1. HP: 18/18 MP: 0/0
    74 | D:1      | Reached skill level 1 in Fighting
    87 | D:1      | Reached XP level 2. HP: 27/27 MP: 1/1
   301 | D:1      | Reached XP level 3. HP: 28/33 MP: 2/2
   820 | D:2      | Reached skill level 1 in Throwing
   822 | D:2      | Noticed Natasha
   827 | D:2      | Killed Natasha
   828 | D:2      | Reached XP level 4. HP: 41/41 MP: 3/3
   895 | D:2      | Noticed Natasha
   902 | D:2      | Killed Natasha
   913 | D:2      | Noticed Natasha
   935 | D:2      | Killed from afar by Natasha

Illustrated notes

Levels and vault maps discovered:
D:1:      scummos_arrival_hexagon, layout_basic, minmay_tripent
D:2:      layout_rooms, uniq_natasha

Skill      XL: |  1  2  3 |
---------------+----------+-----
Fighting       | 1 |  1.6
Dodging        | 2 |  2.2
Throwing       | 1 |  1.3
Unarmed Combat | |  3.6
Shapeshifting  | |  3.4

Action                     |  1- 3 |  4- 6 || total
---------------------------+-------+-------++-------
  Melee: Unarmed           |    70 |    21 ||    91
         Punch             |     1 |     1 ||     2
  Throw: Stone             |       |     2 ||     2
 Armour: Animal skin       |    23 |       ||    23
         Robe              |    20 |    30 ||    50
  Dodge: Dodged            |    22 |     9 ||    31
